 Dungeon Crawl Stone Soup version 0.31-a0-345-g1ebeae05c6 (webtiles) character file.

Game seed: 3209017799830074696

315 LeprechaunX the Ruffian (level 6, -4/41 HPs)
             Began as an Octopode Shapeshifter on July 23, 2023.
             Engulfed by a steam dragon's steam (12 damage)
             ... on level 4 of the Dungeon.
             The game lasted 00:02:21 (2554 turns).

LeprechaunX the Ruffian (Octopode Shapeshifter)     Turns: 2554, Time: 00:02:21

Health: -4/41      AC:  1    Str: 16    XL:     6   Next: 44%
Magic:  6/6        EV: 13    Int: 11    God:
Gold:   266        SH:  0    Dex: 12    Spells: 5/5 levels left

rFire   . .          .
                       - Unarmed
rCold   . . .        (no shield)
rNeg    . . .        (helmet currently unavailable)
rPois   .            (no amulet)
rElec   .            (no ring)
rCorr   .            (no ring)
SInv    .            (no ring)
Will    .....        (no ring)
Stlth   ++           (no ring)
HPRegen 0.26/turn    (no ring)
MPRegen 0.10/turn    (no ring)
                     (no ring)

%: no passive effects
@: beast-form
A: beast (slay +2), almost no armour, amphibious, 8 rings, camouflage 1,
gelatinous body 1, (nimble swimmer 1), tentacles
a: Begin Untransformation


You were on level 4 of the Dungeon.
You were a hulking beast.
You visited 1 branch of the dungeon, and saw 4 of its levels.

You collected 266 gold pieces.

Inventory:

Missiles
 p - a boomerang (quivered)
Talismans
 b - a beast talisman
Wands
 l - a wand of polymorph (14)
Scrolls
 e - 4 scrolls of identify {unknown}
 h - a scroll of noise {unknown}
 j - a scroll of immolation {unknown}
 k - a scroll of acquirement {unknown}
 m - a scroll of brand weapon {unknown}
 o - a scroll of teleportation {unknown}
 q - a scroll of enchant armour {unknown}
 r - 3 scrolls of fog {unknown}
Potions
 a - a potion of lignification
 c - a potion of invisibility {unknown}
 d - 2 potions of attraction {unknown}
 f - a potion of brilliance {unknown}
 g - 4 potions of heal wounds {unknown}
 i - a potion of magic {unknown}
 n - 3 potions of curing {unknown}
 s - a potion of ambrosia {unknown}


   Skills:
 + Level 2.7 Fighting
 + Level 0.3 Throwing
 + Level 3.3 Dodging
 * Level 4.9 Unarmed Combat
 + Level 3.8 Shapeshifting


You had 5 spell levels left.
You didn't know any spells.
Your spell library contained the following spells:

 Spells                   Type           Power      Damage    Failure   Level
 Wereblood                Tmut           0%         N/A       47%         2
 Irradiate                Conj/Tmut      0%         3d11      100%        5


Dungeon Overview and Level Annotations

Branches:
Dungeon (4/15)
 Temple: D:4-7

Altars:


Innate Abilities, Weirdness & Mutations

You are a hulking beast.
Your limbs bulge with bestial killing power. (Slay +2)
You cannot wear most types of armour.
You are amphibious.
You can wear up to eight rings at the same time.
Your skin changes colour to match your surroundings (Stealth+).
Your rubbery body absorbs attacks. (AC +1, EV +1)
((You are camouflaged when in or above water. (Stealth+)))
You have tentacles for arms and can constrict up to eight enemies at once.


Message History

HP restored.
As you open the door, it creaks loudly!
You hear an angry hiss.
A steam dragon comes into view.
A steam dragon is nearby!
A steam dragon is nearby!
A steam dragon is nearby!
An endoplasm comes into view.
There is an open door here.
You close the door.
Found a stone staircase leading up.
The endoplasm freezes you.
You are frozen.
You bludgeon the endoplasm!
You kill the endoplasm!
You start resting.
HP restored.
You open the door.
There is an open door here.
You open the door.
There is an open door here.
There is an open door here.
You tentacle-slap the steam dragon.
The steam dragon is moderately wounded.
The steam dragon closely misses you. The steam dragon claws you.
You tentacle-slap the steam dragon but do no damage.
The steam dragon is moderately wounded.
The steam dragon bites you. The steam dragon closely misses you.
You bludgeon the steam dragon!
The steam dragon is heavily wounded.
The steam dragon bites you! The steam dragon closely misses you.
You bludgeon the steam dragon! Your squeeze misses the steam dragon.
The steam dragon is almost dead.
The steam dragon breathes steam at you. The ball of steam hits you!!
* * * LOW HITPOINT WARNING * * *
You hear a shout!
You tentacle-slap the steam dragon.
The steam dragon is almost dead.
You are engulfed in a cloud of scalding steam.
You die...

#...<#####....#.........
#....##..#....#........<
#....'[..'....#.........
####'##..#....#.....#
#....##..#....+.....#
#.....(..#....##'####
#....##..#....#.....##.
#....##..#...D#§........
#.....#..#....h§....##..
#.....#..+...§#######
#....##..#...........
#....##..#...........
#........#...........
#........#...........
#........#....#+#####
#........#....#
#....##..###+##


You could see a steam dragon (catching breath).

Vanquished Creatures
  Sigmund (D:2)
  A jelly (D:4)
  2 adders
  An ufetubus (D:3)
  2 worms (D:3)
  2 dart slugs
  3 orcs (D:3)
  7 ball pythons
  5 bats
  10 endoplasms
  6 giant cockroaches
  10 goblins
  2 hobgoblins (D:1)
  7 jackals
  2 quokkas
  3 frilled lizards
  3 kobolds
  3 rats (D:1)
70 creatures vanquished.

Notes
Turn   | Place    | Note
-------+----------+-------------------------------------------
     0 | D:1      | LeprechaunX the Octopode Shapeshifter began the quest for
                  | the Orb.
     0 | D:1      | Reached XP level 1. HP: 13/13 MP: 1/1
   126 | D:1      | Reached XP level 2. HP: 18/18 MP: 2/2
   520 | D:1      | Reached XP level 3. HP: 23/23 MP: 3/3
   872 | D:2      | Noticed Sigmund
   877 | D:2      | Killed Sigmund
   878 | D:2      | Reached skill level 4 in Unarmed Combat
   878 | D:2      | Reached XP level 4. HP: 29/30 MP: 4/4
   878 | D:2      | Reached XP level 5. HP: 33/35 MP: 5/5
  1276 | D:2      | Reached XP level 6. HP: 41/41 MP: 6/6
  2528 | D:4      | Noticed a steam dragon
  2554 | D:4      | Engulfed by a steam dragon's steam

Illustrated notes

Levels and vault maps discovered:
D:1:      dreamdust_arrival_beginning_and_end, layout_basic
D:2:      cheibrodos_old_hovel, layout_basic, minivault_25, uniq_sigmund
D:3:      layout_basic, minmay_increasing_density
D:4:      dreamdust_elfheim, layout_gridville, serial_shops, shop

Skill      XL: |  1  2  3 |
---------------+----------+-----
Fighting       | 2 |  2.7
Dodging        | 3 |  3.3
Unarmed Combat | 4 |  4.9
Throwing       | |  0.3
Shapeshifting  | |  3.8

Action                     |  1- 3 |  4- 6 || total
---------------------------+-------+-------++-------
  Melee: Unarmed           |    43 |    81 ||   124
         Constrict         |    15 |    19 ||    34
         Tentacles         |    14 |    16 ||    30
         Punch             |     1 |     3 ||     4
   Stab: Sleeping          |     1 |     4 ||     5
         Distracted        |       |     1 ||     1
 Armour: Skin              |     1 |     6 ||     7
  Dodge: Dodged            |    17 |    54 ||    71

Table legend: (Time is in decaauts)
 A = Elapsed time spent in this place.
 B = Non-inter-level travel time spent in this place.
 C = Inter-level travel time spent in this place.
 D = Time resting spent in this place.
 E = Time spent auto-exploring this place.
 F = Levels seen in this place.
 G = Mean time per level.
                   A        B        C        D        E       F      G
               +--------+--------+--------+--------+--------+-----+--------+
         Total |   2542 |   2455 |     87 |      4 |   2061 |   4 |  635.5 |
       Dungeon |   2542 |   2455 |     87 |      4 |   2061 |   4 |  635.5 |
               +--------+--------+--------+--------+--------+-----+--------+

Top non-repeatable levels by time:
     D:3: 1103 daAuts
     D:2: 689 daAuts
     D:1: 657 daAuts
     D:4: 92 daAuts
